[Event "ICC Open 2015"]
[Site "Internet Chess Club"]
[Date "2015.05.29"]
[Round "11"]
[White "HaraldEskilstu"]
[Black "saya"]
[Result "0-1"]
[ICCResult "White forfeits on time"]
[WhiteElo "2016"]
[BlackElo "2566"]
[Opening "Sicilian defense"]
[ECO "B20"]
[NIC "SI.48"]
[Time "16:03:29"]
[TimeControl "180+0"]

1. e4 c5 2. c4 Nc6 3. Nc3 e6 4. g3 Nge7 5. Bg2 g6 6. d3 Bg7 7. Nge2 h5 8. h3
d6 9. Be3 Nd4 10. Qd2 Nec6 11. O-O a6 12. Bg5 Qc7 13. Qd1 Bd7 14. Nxd4 Nxd4
15. Ne2 Nc6 16. Rb1 O-O 17. a3 b5 18. b3 Rab8 19. Qd2 Rfe8 20. Kh2 Na5 21.
Qc2 bxc4 22. bxc4 Nc6 23. Bd2 Nd4 24. Nxd4 cxd4 25. f4 a5 26. g4 hxg4 27.
hxg4 Bf8 28. f5 Rxb1 29. Qxb1 d5+ 30. Kh3 dxe4 31. Bxe4 exf5 32. gxf5 Bxa3
33. Qd1 Bb4 34. Bf4 Bd6 35. Qf3 Kg7 36. Bxd6 Qxd6 37. Kg2 Qf6 38. fxg6 Qxf3+
39. Bxf3 fxg6 40. Ra1 a4 41. Rb1 Re7 42. c5 Bf5 43. Be4 Bxe4+ 44. dxe4 Rxe4
45. c6 Re3 46. Rc1 Re8 47. c7 Rc8 48. Kf3 a3 49. Ke4 a2 50. Kxd4 g5 51. Ke3
Kg6 52. Ra1 Rxc7 53. Rxa2 Rf7 54. Ra6+ Kh5 {White forfeits on time} 0-1

[Event "ICC Open 2015"]
[Site "Internet Chess Club"]
[Date "2015.05.29"]
[Round "11"]
[White "plagis"]
[Black "nadalthegreat"]
[Result "0-1"]
[ICCResult "White checkmated"]
[WhiteElo "2039"]
[BlackElo "1603"]
[Opening "Réti: King's Indian attack"]
[ECO "A05"]
[NIC "QP.11"]
[Time "16:03:39"]
[TimeControl "180+0"]

1. Nf3 Nf6 2. g3 g6 3. Bg2 Bg7 4. O-O O-O 5. c4 d5 6. cxd5 Nxd5 7. Nc3 Nxc3
8. bxc3 Nc6 9. a4 Re8 10. Ba3 Bf5 11. Nh4 Bd7 12. Rb1 b6 13. a5 bxa5 14. Qa4
Nd4 15. Qc4 Be6 16. Qd3 Nf5 17. Bxa8 Qxa8 18. Ng2 Nd6 19. Qf3 Bd5 20. Qe3
Bxg2 21. Rfc1 Nc4 22. Qc5 Nxa3 23. Qxa3 Be4 24. d3 Bc6 25. Qc5 Bd7 26. Qxa5
Qc6 27. Qxa7 Bh6 28. Rc2 Bh3 29. Qb7 Qc5 30. d4 Qf5 31. Rcb2 e5 32. Qd5 exd4
33. Rb8 Qxd5 34. Rxe8+ Kg7 35. cxd4 Qg2# {White checkmated} 0-1

[Event "ICC Open 2015"]
[Site "Internet Chess Club"]
[Date "2015.05.29"]
[Round "11"]
[White "Yule"]
[Black "QuintilianoR"]
[Result "1-0"]
[ICCResult "Black forfeits on time"]
[WhiteElo "2607"]
[BlackElo "2293"]
[Opening "Sicilian: dragon, classical, Grigoriev variation"]
[ECO "B72"]
[NIC "SI.16"]
[Time "16:03:28"]
[TimeControl "180+0"]

1. e4 c5 2. Nf3 d6 3. d4 cxd4 4. Nxd4 Nf6 5. Nc3 g6 6. Be3 Bg7 7. Be2 Nc6 8.
Qd2 O-O 9. O-O-O Ng4 10. Bxg4 Bxg4 11. f3 Bd7 12. Nxc6 Bxc6 13. Bh6 Qa5 14.
h4 Bxc3 15. Qxc3 Qxc3 16. bxc3 Rfc8 17. h5 Ba4 18. Kb2 Rc6 19. hxg6 fxg6 20.
Bg5 Rac8 21. Rd3 Bb5 22. Re3 e5 23. Rd1 Bc4 24. Be7 Rb6+ 25. Ka1 Rcc6 26.
Rb1 Rxb1+ 27. Kxb1 Rb6+ 28. Kc1 Kf7 29. Bg5 Bxa2 30. f4 Rb1+ 31. Kd2 Rg1 32.
g3 Bb1 33. fxe5 dxe5 34. Rf3+ Ke8 35. Rf6 Rxg3 36. Re6+ Kd7 37. Rxe5 Rg2+
38. Ke3 Bxc2 39. Bf4 Bb3 40. Rb5 Bd1 41. Rxb7+ Kc6 42. Rxh7 Re2+ 43. Kd4 Bc2
44. Be3 a5 45. Rg7 a4 46. Rxg6+ Kd7 47. Ra6 Re1 48. c4 Rd1+ 49. Ke5 Re1 50.
Kd4 Rd1+ 51. Ke5 Re1 52. Kf4 Rf1+ 53. Kg5 Bxe4 54. Ra7+ {Black forfeits on
time} 1-0

[Event "ICC Open 2015"]
[Site "Internet Chess Club"]
[Date "2015.05.29"]
[Round "11"]
[White "karodash"]
[Black "Hareaum"]
[Result "1-0"]
[ICCResult "Black checkmated"]
[WhiteElo "1601"]
[BlackElo "1786"]
[Opening "Scandinavian (center counter) defense"]
[ECO "B01"]
[NIC "VO.17"]
[Time "16:04:09"]
[TimeControl "180+0"]

1. e4 d5 2. exd5 Qxd5 3. Nf3 c6 4. Nc3 Qa5 5. d4 Bg4 6. Be2 e6 7. O-O Nf6 8.
Ne5 Bxe2 9. Qxe2 Nbd7 10. Nxd7 Nxd7 11. Bf4 Nf6 12. Ne4 Qf5 13. Nxf6+ gxf6
14. Bg3 h5 15. h4 Rg8 16. c4 Rd8 17. Rad1 Bd6 18. Bxd6 Rxd6 19. d5 cxd5 20.
c5 Ra6 21. Qb5+ Kf8 22. Qxb7 Rxa2 23. c6 Kg7 24. c7 e5 25. Rxd5 Qe6 26. Rd8
Qe7 27. Rxg8+ Kxg8 28. c8=Q+ Qf8 29. Qxf8+ Kxf8 30. Rc1 Kg7 31. Rc7 Rxb2 32.
Qxb2 Kg6 33. Qc2+ f5 34. Rxa7 e4 35. Qc6+ f6 36. Ra6 e3 37. Qxf6+ Kh7 38.
Ra7+ Kg8 39. Qd8# {Black checkmated} 1-0

[Event "ICC Open 2015"]
[Site "Internet Chess Club"]
[Date "2015.05.29"]
[Round "11"]
[White "Durarbeyli"]
[Black "BlackHorse97"]
[Result "1-0"]
[ICCResult "Black forfeits on time"]
[WhiteElo "2872"]
[BlackElo "2500"]
[Opening "King's Indian: fianchetto, lesser Simagin (Spassky) variation"]
[ECO "E62"]
[NIC "KI.72"]
[Time "16:02:46"]
[TimeControl "180+0"]

1. Nf3 Nf6 2. g3 g6 3. Bg2 Bg7 4. O-O O-O 5. c4 d6 6. d4 Nc6 7. Nc3 Bf5 8.
b3 e5 9. dxe5 dxe5 10. Ba3 Re8 11. Nd5 e4 12. Nh4 Bg4 13. h3 Be6 14. Bb2 g5
15. Qd2 gxh4 16. Rad1 Bxd5 17. cxd5 e3 18. fxe3 Ne5 19. g4 h6 20. Rf5 Nh7
21. e4 Ng5 22. Qe1 Ng6 23. Bxg7 Kxg7 24. Qc3+ f6 25. Rdf1 Rf8 26. e5 Nxe5
27. Rxe5 fxe5 28. Qxe5+ Rf6 29. e4 Qd6 30. Qc3 Rf8 31. Rf5 Kg8 32. e5 Qb6+
33. Kh2 Rxf5 34. gxf5 Qf2 35. f6 Ne4 36. Qxc7 Qf4+ 37. Kg1 Qe3+ 38. Kh1 Nf2+
39. Kh2 Qg3+ 40. Kg1 Nxh3+ 41. Kh1 Nf2+ 42. Kg1 h3 43. Qg7+ Qxg7 44. fxg7
Kxg7 45. Bf1 Ng4 46. Bxh3 Nxe5 47. d6 Rd8 48. d7 Rxd7 49. Kf2 Rd6 50. Bf1
Kf6 51. Ke3 h5 52. Bg2 h4 53. Bh3 b6 54. Bg2 a5 55. Bf1 Ng4+ 56. Kf4 Ne5 57.
Bb5 Rd4+ 58. Ke3 {Black forfeits on time} 1-0

[Event "ICC Open 2015"]
[Site "Internet Chess Club"]
[Date "2015.05.29"]
[Round "11"]
[White "Palenque"]
[Black "TudoracheM"]
[Result "1-0"]
[ICCResult "Black forfeits on time"]
[WhiteElo "1693"]
[BlackElo "1799"]
[Opening "English: Sicilian reversed"]
[ECO "A25"]
[NIC "EO.23"]
[Time "16:03:00"]
[TimeControl "180+0"]

1. c4 e5 2. Nc3 Nc6 3. d3 g6 4. e4 Bg7 5. g3 h6 6. Bg2 Nge7 7. Nge2 d6 8.
O-O Be6 9. h3 Qd7 10. Kh2 O-O 11. f4 f5 12. Nd5 Rae8 13. Nxe7+ Qxe7 14. fxe5
dxe5 15. Be3 a6 16. a3 Nd8 17. Qc2 c6 18. d4 exd4 19. Nxd4 fxe4 20. Bxe4 Bf7
21. Rf4 g5 22. Rg4 Bh5 23. Bh7+ Kh8 24. Bg1 Bxg4 25. hxg4 Ne6 26. Nf5 Qf6
27. Nxg7 Qxg7 28. Bf5 Nd4 29. Qd3 Rd8 30. Qf1 Ne6 31. Re1 Rd2+ 32. Kh1 Nd4
33. Re4 Nxf5 34. gxf5 Qxb2 35. f6 Kg8 36. f7+ {Black forfeits on time} 1-0

[Event "ICC Open 2015"]
[Site "Internet Chess Club"]
[Date "2015.05.29"]
[Round "11"]
[White "dietcoke"]
[Black "TheCypriot"]
[Result "1-0"]
[ICCResult "Black forfeits on time"]
[WhiteElo "2232"]
[BlackElo "1900"]
[Opening "French: Winawer, advance, poisoned pawn variation"]
[ECO "C18"]
[NIC "FR.11"]
[Time "16:03:20"]
[TimeControl "180+0"]

1. e4 e6 2. d4 d5 3. Nc3 Bb4 4. e5 c5 5. a3 Bxc3+ 6. bxc3 Ne7 7. Qg4 Kf8 8.
Nf3 Qa5 9. Bd2 Qa4 10. Qf4 h6 11. dxc5 Qxc2 12. Rc1 Qe4+ 13. Be2 Nd7 14. c4
Nxc5 15. Qxe4 Nxe4 16. Bb4 a5 17. Bxe7+ Kxe7 18. cxd5 exd5 19. Nd4 Bd7 20.
f3 Ng5 21. h4 Ne6 22. Nf5+ Kd8 23. Nd6 Ke7 24. Kf2 b6 25. g3 Nc5 26. Ke3
Rhb8 27. Rhd1 Be6 28. f4 g6 29. g4 f5 30. gxf5 Bxf5 31. Rxd5 Ke6 32. Bc4 Ke7
33. Rcd1 Be6 34. R5d2 Bxc4 35. Nxc4 Nb3 36. Nd6 Nxd2 37. Rxd2 Rd8 38. a4 Ke6
39. Ke4 Rd7 40. Rc2 Rf8 41. Rc6 Ke7 42. Rxb6 g5 43. hxg5 hxg5 44. f5 Rh8 45.
f6+ Ke6 46. Nf5+ Kf7 47. e6+ Kxf6 48. exd7+ Kf7 49. Rd6 Rd8 50. Ke5 Kg8 51.
Rf6 Kh8 52. Rg6 Kh7 53. Rh6+ Kg8 54. Rd6 {Black forfeits on time} 1-0

[Event "ICC Open 2015"]
[Site "Internet Chess Club"]
[Date "2015.05.29"]
[Round "11"]
[White "Sjelan"]
[Black "MBAStudent"]
[Result "1-0"]
[ICCResult "Black forfeits on time"]
[WhiteElo "2209"]
[BlackElo "1839"]
[Opening "King's Indian, 3.Nf3"]
[ECO "E60"]
[NIC "QP.06"]
[Time "16:03:30"]
[TimeControl "180+0"]

1. d4 Nf6 2. Nf3 g6 3. c4 c5 4. Nc3 cxd4 5. Nxd4 Bg7 6. e3 O-O 7. Be2 Nc6 8.
O-O d6 9. Bf3 Ne5 10. Be2 a6 11. b3 Nfd7 12. Bb2 Qb6 13. f4 Nc6 14. Na4 Qc7
15. Nxc6 bxc6 16. Bxg7 Kxg7 17. Qd4+ Nf6 18. c5 d5 19. g4 Kg8 20. g5 Ne4 21.
Bd3 Bf5 22. Nb6 Rad8 23. Bxa6 Rfe8 24. Bd3 e5 25. fxe5 Qxe5 26. Qxe5 Rxe5
27. a4 Nxc5 28. Bxf5 gxf5 29. a5 Nxb3 30. Ra3 Nd2 31. Rf4 Ne4 32. a6 Nxg5
33. a7 Nh3+ 34. Kg2 Nxf4+ 35. exf4 Re2+ 36. Kf3 Rxh2 37. a8=Q Rxa8 38. Rxa8+
Kg7 39. Rc8 Rc2 40. Nxd5 Rc4 41. Ne7 Kf6 42. Nxc6 h5 43. Rh8 Kg7 44. Rc8 Kf6
45. Ke3 h4 46. Na7 Re4+ 47. Kf3 h3 48. Rh8 Ra4 49. Nc6 Ra3+ 50. Kf2 Rc3 51.
Ne5 Ke6 52. Nf3 Kd5 53. Rxh3 Ke4 54. Rg3 Kxf4 55. Rh3 Ke4 56. Rh4+
{Black forfeits on time}
1-0

[Event "ICC Open 2015"]
[Site "Internet Chess Club"]
[Date "2015.05.29"]
[Round "11"]
[White "Tacticguy"]
[Black "asithink"]
[Result "0-1"]
[ICCResult "White checkmated"]
[WhiteElo "1956"]
[BlackElo "2149"]
[Opening "Queen's pawn: Keres defense"]
[ECO "A40"]
[NIC "QO.17"]
[Time "16:04:07"]
[TimeControl "180+0"]

1. d4 e6 2. c4 b6 3. Nf3 Bb7 4. a3 f5 5. g3 Nf6 6. Bg2 Be7 7. O-O O-O 8. b3
Qe8 9. Bb2 d6 10. Nbd2 Ne4 11. Rc1 Nd7 12. d5 Nxd2 13. Qxd2 e5 14. Ng5 Bxg5
15. Qxg5 h6 16. Qd2 a5 17. b4 axb4 18. axb4 Qg6 19. Ra1 Nf6 20. c5 bxc5 21.
bxc5 dxc5 22. Ba3 Rfd8 23. Bxc5 Rxa1 24. Rxa1 Bxd5 25. Bxd5+ Rxd5 26. Ra8+
Kh7 27. Qb4 f4 28. Qb8 Rd1+ 29. Kg2 Qe4+ 30. Kh3 fxg3 31. fxg3 Qg4+ 32. Kg2
Qxe2+ 33. Kh3 Qg4+ 34. Kg2 Rd2+ 35. Bf2 Qe4+ 36. Kh3 Qf5+ 37. Kh4 Qg4#
{White checkmated}
0-1

[Event "ICC Open 2015"]
[Site "Internet Chess Club"]
[Date "2015.05.29"]
[Round "11"]
[White "jewels2"]
[Black "shortcastle"]
[Result "1-0"]
[ICCResult "Black forfeits on time"]
[WhiteElo "1328"]
[BlackElo "1508"]
[Opening "King's Indian: 3.g3"]
[ECO "E60"]
[NIC "KI.80"]
[Time "16:03:23"]
[TimeControl "180+0"]

1. d4 Nf6 2. c4 g6 3. g3 Bg7 4. Bg2 c5 5. Nf3 O-O 6. Nc3 d5 7. cxd5 Nxd5 8.
Nxd5 Qxd5 9. Nh4 Qd8 10. e3 cxd4 11. exd4 Qxd4 12. Qb3 Nc6 13. O-O Rb8 14.
Rb1 Be6 15. Qa3 Rfd8 16. Nf3 Qd6 17. Bf4 Qxa3 18. bxa3 Ra8 19. Rxb7 Rab8 20.
Rxb8 Rxb8 21. Bxb8 Nxb8 22. Ng5 Bxa2 23. Ra1 Bc4 24. Rb1 Na6 25. Rb7 Bf8 26.
Rxa7 e5 27. a4 Nc5 28. a5 Bd3 29. Ra8 Kg7 30. Rc8 h6 31. Nf3 Nb3 32. a6 Bxa6
33. Ra8 Bb7 34. Rb8 Nc5 35. Nxe5 Bxg2 36. Kxg2 Bd6 37. Rc8 Bxe5 38. Rxc5 Bf6
39. Rc7 Be7 40. Rxe7 Kf6 41. Ra7 g5 42. f4 Kg6 43. Ra6+ Kg7 44. f5 f6 45.
Kf3 h5 46. g4 hxg4+ 47. Kxg4 {Black forfeits on time} 1-0

[Event "ICC Open 2015"]
[Site "Internet Chess Club"]
[Date "2015.05.29"]
[Round "11"]
[White "jensak"]
[Black "iragefree"]
[Result "1/2-1/2"]
[ICCResult "Black stalemated"]
[WhiteElo "1645"]
[BlackElo "1828"]
[Opening "Sicilian: Anderssen variation"]
[ECO "B41"]
[NIC "SI.41"]
[Time "16:03:31"]
[TimeControl "180+0"]

1. e4 c5 2. Nf3 e6 3. d4 cxd4 4. Nxd4 Nf6 5. Bd3 Nc6 6. Be3 d5 7. Nxc6 bxc6
8. e5 Nd7 9. f4 c5 10. Bf2 c4 11. Be2 Bc5 12. O-O Qb6 13. Bxc5 Nxc5 14. Qd4
O-O 15. Nc3 Rb8 16. Rab1 Bd7 17. Rfd1 Rfc8 18. b3 cxb3 19. cxb3 a5 20. Rbc1
a4 21. bxa4 Nxa4 22. Qxb6 Nxb6 23. Nb5 Bxb5 24. Bxb5 h6 25. a4 Ra8 26. Rxc8+
Nxc8 27. Rc1 Nb6 28. Ra1 Ra5 29. Kf2 Kf8 30. Ke2 Ke7 31. Kd3 f6 32. Kd4
fxe5+ 33. fxe5 g5 34. Ra3 h5 35. g3 g4 36. Kc5 Nd7+ 37. Kb4 Ra7 38. Re3 Nf8
39. a5 Ng6 40. Bc6 Ra6 41. Kb5 h4 42. Kxa6 hxg3 43. hxg3 Nf8 44. Kb5 Nd7 45.
Bxd7 Kxd7 46. a6 Kc7 47. Rc3+ Kb8 48. Rc6 Ka7 49. Rxe6 d4 50. Rd6 d3 51.
Rxd3 Ka8 52. e6 Kb8 53. e7 Kc7 54. e8=Q {Black stalemated} 1/2-1/2

[Event "ICC Open 2015"]
[Site "Internet Chess Club"]
[Date "2015.05.29"]
[Round "11"]
[White "Parsifal"]
[Black "Tyrel"]
[Result "1-0"]
[ICCResult "Black checkmated"]
[WhiteElo "2409"]
[BlackElo "2121"]
[Opening "King's pawn opening"]
[ECO "B07"]
[NIC "VO.17"]
[Time "16:04:11"]
[TimeControl "180+0"]

1. e4 d6 2. Nc3 Nf6 3. f4 e5 4. Nf3 Nbd7 5. d4 exd4 6. Qxd4 c6 7. Be3 d5 8.
e5 Ng4 9. Bg1 Bc5 10. Qd2 Bxg1 11. Rxg1 Qb6 12. Nd4 Qxb2 13. Rb1 Qa3 14. h3
Nh6 15. g4 Ng8 16. Rg3 Qa5 17. Bg2 Ne7 18. Re3 O-O 19. f5 c5 20. Nb3 Qb4 21.
a3 Qf4 22. Re2 Qxd2+ 23. Kxd2 d4 24. Nb5 Nc6 25. e6 fxe6 26. fxe6 Nde5 27.
Nxc5 Nc4+ 28. Kd3 Nxa3 29. Nxa3 Re8 30. Nb5 Re7 31. Nd6 Rb8 32. Bxc6 Bxe6
33. Rxe6 Rxe6 34. Nxe6 h6 35. Rxb7 Rxb7 36. Bxb7 Kh7 37. Be4+ Kg8 38. Kxd4
a5 39. c4 a4 40. Bd5 a3 41. c5 a2 42. Bxa2 Kh7 43. c6 Kg6 44. c7 Kf6 45.
c8=Q g6 46. Qf8# {Black checkmated} 1-0

[Event "ICC Open 2015"]
[Site "Internet Chess Club"]
[Date "2015.05.29"]
[Round "11"]
[White "PajoPatak"]
[Black "geographywhiz"]
[Result "1-0"]
[ICCResult "Black forfeits on time"]
[WhiteElo "1544"]
[BlackElo "1930"]
[Opening "Scotch: Potter variation"]
[ECO "C45"]
[NIC "SO.05"]
[Time "16:03:23"]
[TimeControl "180+0"]

1. e4 e5 2. Nf3 Nc6 3. d4 exd4 4. Nxd4 Bc5 5. Nb3 Bb6 6. Nc3 Qf6 7. Qe2 Nge7
8. Be3 Bxe3 9. Qxe3 O-O 10. O-O-O d6 11. Kb1 Be6 12. h4 a5 13. Nb5 a4 14.
N3d4 Nxd4 15. Nxd4 Nc6 16. a3 Ne5 17. h5 Rfd8 18. h6 g6 19. f4 Nc4 20. Bxc4
Bxc4 21. f5 Re8 22. Qc3 Ba6 23. fxg6 hxg6 24. Qxc7 Rac8 25. Qa5 Rxe4 26. Nf3
Re2 27. Rd2 Rxd2 28. Qxd2 Bc4 29. Rd1 d5 30. Qd4 Qxd4 31. Nxd4 Re8 32. b3
axb3 33. cxb3 Be2 34. Nxe2 Rxe2 35. Rxd5 Rxg2 36. Rd7 Rh2 37. Rxb7 Rxh6 38.
a4 g5 39. a5 g4 40. Rb6 Rh5 41. Rb7 Rxa5 42. Rb4 g3 43. Rg4+ Kf8 44. Rxg3
Rb5 45. Kb2 Ke7 46. Re3+ Kd6 47. Rd3+ Kc6 48. Rc3+ Rc5 49. Rf3 Kb6 50. Rxf7
Kb5 51. Rb7+ Kc6 52. Ra7 Kd6 53. Ra6+ Kd5 54. Ra4 {Black forfeits on time}
1-0

[Event "ICC Open 2015"]
[Site "Internet Chess Club"]
[Date "2015.05.29"]
[Round "11"]
[White "Red-white"]
[Black "triumphant1"]
[Result "1-0"]
[ICCResult "Black checkmated"]
[WhiteElo "3193"]
[BlackElo "2141"]
[Opening "KP: Nimzovich defense"]
[ECO "B00"]
[NIC "VO.06"]
[Time "16:03:41"]
[TimeControl "180+0"]

1. e4 Nc6 2. d4 d5 3. e5 f6 4. f4 Nh6 5. Nf3 Bf5 6. c3 e6 7. Be3 Qd7 8. Nbd2
Be4 9. Be2 Ng4 10. Bg1 f5 11. h3 Nh6 12. Be3 Be7 13. O-O O-O 14. Ng5 Nf7 15.
Ngxe4 fxe4 16. g4 Bh4 17. Kg2 g6 18. Qc2 Ne7 19. b4 c6 20. a4 g5 21. Nb3 b6
22. Qd2 h6 23. f5 exf5 24. gxf5 Nxf5 25. Bg4 Nxe3+ 26. Qxe3 Qe7 27. Rf6 Nh8
28. Raf1 Rf7 29. Be6 Rf8 30. Bxf7+ Rxf7 31. Qe2 a5 32. bxa5 bxa5 33. Nxa5
Qa7 34. Nxc6 Qxa4 35. Rxf7 Nxf7 36. Ne7+ Kf8 37. Nxd5 Qb3 38. Ne3 Qxc3 39.
e6 Qxd4 40. Rxf7+ Kg8 41. Nf5 Qe5 42. Ne7+ Kh8 43. Ng6+ Kg8 44. Nxe5 g4 45.
Qxg4+ Bg5 46. Qxe4 h5 47. Qh7# {Black checkmated} 1-0

[Event "ICC Open 2015"]
[Site "Internet Chess Club"]
[Date "2015.05.29"]
[Round "11"]
[White "LittleDonkey"]
[Black "RaiseTheCurve"]
[Result "1-0"]
[ICCResult "Black checkmated"]
[WhiteElo "2311"]
[BlackElo "1953"]
[Opening "Alekhine's defense: exchange variation"]
[ECO "B03"]
[NIC "AL.08"]
[Time "16:04:19"]
[TimeControl "180+0"]

1. e4 Nf6 2. e5 Nd5 3. d4 Nb6 4. c4 d5 5. exd6 exd6 6. Nc3 Be7 7. Nf3 O-O 8.
Bd3 Nc6 9. a3 Bg4 10. Be3 Re8 11. h3 Bh5 12. O-O Bf6 13. Bxh7+ Kxh7 14. Ng5+
Bxg5 15. Qxh5+ Kg8 16. Bxg5 Qd7 17. c5 Nc8 18. d5 Ne5 19. Ne4 Ng6 20. Rfe1
Nce7 21. cxd6 cxd6 22. Rac1 Nxd5 23. Bd2 Re5 24. Qe2 Rae8 25. Qd3 Ndf4 26.
Bxf4 Nxf4 27. Qd4 d5 28. Kf1 Qf5 29. Ng3 Rxe1+ 30. Rxe1 Rxe1+ 31. Kxe1 Nxg2+
32. Kf1 Nf4 33. Nxf5 Nxh3 34. Qxg7# {Black checkmated} 1-0

[Event "ICC Open 2015"]
[Site "Internet Chess Club"]
[Date "2015.05.29"]
[Round "11"]
[White "savlanut"]
[Black "elmonkey"]
[Result "0-1"]
[ICCResult "White forfeits on time"]
[WhiteElo "1240"]
[BlackElo "1346"]
[Opening "Queen's gambit declined"]
[ECO "D30"]
[NIC "QP.08"]
[Time "16:03:18"]
[TimeControl "180+0"]

1. d4 d5 2. c4 e6 3. e3 Nf6 4. Nf3 Be7 5. Be2 O-O 6. O-O c5 7. cxd5 exd5 8.
dxc5 Bxc5 9. Bd2 Bf5 10. b4 Bb6 11. a4 a5 12. b5 Nbd7 13. Nc3 h6 14. Nd4 Bg6
15. Bf3 Nc5 16. Nb3 Nce4 17. Nxe4 dxe4 18. Be2 Qe7 19. Bc3 Rfd8 20. Qc2 Rac8
21. Qb2 Nd5 22. Bxg7 Nb4 23. Bxh6 f5 24. h4 Rc2 25. Bc4+ Kh7 26. Qb1 Kxh6
27. Nd4 Rxc4 28. Rc1 Rdc8 29. Rxc4 Rxc4 30. f3 Nd3 31. Qa2 Qc7 32. Ne2 Bxe3+
33. Kf1 Rc2 34. Qb1 exf3 35. gxf3 Qc4 36. Kg2 Nf4+ 37. Kg3 Nh5+ 38. Kh3 Bf4
39. Ng3 Bxg3 40. Qd1 Qf4 {White forfeits on time} 0-1

[Event "ICC Open 2015"]
[Site "Internet Chess Club"]
[Date "2015.05.29"]
[Round "11"]
[White "khekhm"]
[Black "maki89"]
[Result "1/2-1/2"]
[ICCResult "Game drawn because neither player has mating material"]
[WhiteElo "2580"]
[BlackElo "2366"]
[Opening "KP: Nimzovich defense"]
[ECO "B00"]
[NIC "VO.06"]
[Time "16:03:17"]
[TimeControl "180+0"]

1. e4 Nc6 2. d4 d5 3. c4 e6 4. Nc3 dxe4 5. d5 Nce7 6. Bg5 h6 7. Bh4 g5 8.
Bg3 Nf5 9. Be5 f6 10. Qh5+ Ke7 11. O-O-O fxe5 12. dxe6 Nd6 13. Nd5+ Kxe6 14.
c5 Nf6 15. Nxf6 Qxf6 16. cxd6 Bxd6 17. Bc4+ Ke7 18. Ne2 Be6 19. Bxe6 Qxe6
20. Nc3 Raf8 21. h4 Qf7 22. hxg5 Qxh5 23. Rxh5 hxg5 24. Rxg5 Rxf2 25. Nxe4
Rf7 26. Rg6 Rh2 27. g4 Rf4 28. Nxd6 cxd6 29. Rdxd6 Rf1+ 30. Rd1 Rff2 31.
Rg7+ Kf6 32. Rxb7 e4 33. Kb1 e3 34. Rb8 e2 35. Re1 Kg5 36. Rg8+ Kf4 37. Kc1
Kg3 38. Kd2 Rh7 39. Re8 Rd7+ 40. Kc2 Kxg4 41. R8xe2 Rc7+ 42. Kb1 Rxe2 43.
Rxe2 Kf3 44. Rc2 Rb7 45. Rc3+ Ke4 46. b3 Kd4 47. Kb2 Rf7 48. Rc4+ Kd3 49. a4
Rf2+ 50. Ka3 Rf1 51. Rc5 Ra1+ 52. Kb4 Rb1 53. Ra5 Kc2 54. Rxa7 Rxb3+ 55. Ka5
Kb2 56. Rc7 Ka3 57. Rc6 Rb4 58. Rb6 Rxa4+ 59. Kb5 Rb4+ 60. Kc6 Rxb6+ 61.
Kxb6 {Game drawn because neither player has mating material} 1/2-1/2

[Event "ICC Open 2015"]
[Site "Internet Chess Club"]
[Date "2015.05.29"]
[Round "11"]
[White "EREBUNI"]
[Black "Mardaker"]
[Result "0-1"]
[ICCResult "White resigns"]
[WhiteElo "3018"]
[BlackElo "2790"]
[Opening "French defense"]
[ECO "C01"]
[NIC "FR.01"]
[Time "16:04:11"]
[TimeControl "180+0"]

1. e4 e6 2. d4 b6 3. Nf3 Bb7 4. Bd3 Ne7 5. O-O Nbc6 6. c4 Ng6 7. Nc3 Bb4 8.
Bg5 f6 9. Be3 O-O 10. Qc2 Nce7 11. d5 c6 12. dxe6 dxe6 13. a3 Bxc3 14. Qxc3
c5 15. b4 Qc7 16. bxc5 bxc5 17. Rab1 Rab8 18. Rb5 Rfd8 19. Rxc5 Qd6 20. Bc2
Nf4 21. e5 Ne2+ 22. Kh1 Qxc5 23. Bxc5 Nxc3 24. Bxe7 Rd7 25. exf6 gxf6 26.
Bxf6 Ne4 27. Be5 Rf8 28. Kg1 Rxf3 29. gxf3 Nd2 30. Re1 Nxf3+ 31. Kf1 Nxe1
32. Kxe1 Bc6 33. f4 h6 34. Bg6 Rb7 35. Bc2 Kf7 36. Kd2 Rd7+ 37. Kc3 Rd8 38.
Kb4 Rd2 39. Bh7 Rxh2 40. f5 Re2 41. Bg6+ Kg8 42. Bb8 Be4 43. Bxa7 Bxf5 44.
Be8 Kf8 45. Bb5 h5 46. c5 Rb2+ 47. Ka5 h4 48. Bb8 h3 49. Bd6+ Kf7 50. c6 Kf6
51. c7 e5 52. Bd3 Bc8 53. Ba6 Rb7 54. Bxb7 Bxb7 55. Kb6 Bc8 56. Ka7 h2 57.
Kb8 Be6 {White resigns} 0-1

[Event "ICC Open 2015"]
[Site "Internet Chess Club"]
[Date "2015.05.29"]
[Round "11"]
[White "olivermx"]
[Black "Reinerg"]
[Result "0-1"]
[ICCResult "White forfeits on time"]
[WhiteElo "799"]
[BlackElo "1265"]
[Opening "Ruy Lopez: Berlin defense"]
[ECO "C65"]
[NIC "RL.07"]
[Time "16:04:16"]
[TimeControl "180+0"]

1. e4 e5 2. Nf3 Nc6 3. Bb5 Nf6 4. d3 d6 5. O-O Be7 6. Re1 Bd7 7. Ba4 O-O 8.
Bb3 Nd4 9. c3 Nxb3 10. axb3 c5 11. d4 cxd4 12. cxd4 Rc8 13. dxe5 dxe5 14.
Nxe5 Bc6 15. Nxc6 Qxd1 16. Rxd1 Rxc6 17. Nc3 Rd8 18. Rxd8+ Bxd8 19. f3 Bb6+
20. Kf1 h6 21. Na4 Bc7 22. h3 Bg3 23. Nc3 a6 24. Be3 b5 25. Nd5 Nxd5 26.
exd5 Rc2 27. Ra2 g5 28. Rxa6 Rxb2 29. d6 Rb1+ 30. Ke2 Rb2+ 31. Kd1 Rb1+ 32.
Kc2 Re1 33. Bb6 Re2+ 34. Kd1 Rxg2 35. d7 Kg7 36. d8=Q Rg1+
{White forfeits on time}
0-1

[Event "ICC Open 2015"]
[Site "Internet Chess Club"]
[Date "2015.05.29"]
[Round "11"]
[White "Bleeksk"]
[Black "Nemesis23"]
[Result "0-1"]
[ICCResult "White forfeits on time"]
[WhiteElo "1936"]
[BlackElo "1798"]
[Opening "English: Caro-Kann defensive system"]
[ECO "D13"]
[NIC "EO.64"]
[Time "16:04:07"]
[TimeControl "180+0"]

1. c4 c6 2. Nc3 d5 3. cxd5 cxd5 4. d4 Nf6 5. Nf3 Nc6 6. g3 g6 7. Bg2 Bg7 8.
O-O Ne4 9. Be3 Nxc3 10. bxc3 O-O 11. Rb1 b6 12. Nd2 Na5 13. Bf4 Ba6 14. Re1
Nc4 15. Nxc4 Bxc4 16. e4 e6 17. exd5 Bxd5 18. Rb2 Bxg2 19. Kxg2 Rc8 20. Qf3
Rc4 21. Be5 Bxe5 22. Rxe5 Qc7 23. Re3 Rc8 24. Rb3 a6 25. h4 h5 26. g4 hxg4
27. Qxg4 e5 28. h5 exd4 29. cxd4 b5 30. hxg6 Qc6+ 31. Kh2 Qxg6 32. Rg3 Qxg4
33. Rxg4+ Kf8 34. Rbg3 Ke7 35. Re4+ Kd6 36. Rg5 Rc2 37. Rf5 R8c7 38. Kg3
Rxa2 39. Rf6+ Kd5 40. Ref4 b4 41. R6f5+ Kc4 42. Rc5+ Kb3 43. Rf3+ Kb2 44.
Rxc7 b3 45. Rb7 Ra3 46. Rfxf7 Kc2 47. Rf6 b2+ 48. f3 b1=Q 49. Rxb1 Kxb1 50.
d5 Rd3 51. d6 a5 52. Kf4 a4 53. Ke4 Rd1 {White forfeits on time} 0-1

[Event "ICC Open 2015"]
[Site "Internet Chess Club"]
[Date "2015.05.29"]
[Round "11"]
[White "kabindra"]
[Black "pvchandu"]
[Result "1-0"]
[ICCResult "Black forfeits on time"]
[WhiteElo "1741"]
[BlackElo "1424"]
[Opening "Scandinavian gambit"]
[ECO "B01"]
[NIC "SD.03"]
[Time "16:04:03"]
[TimeControl "180+0"]

1. e4 d5 2. exd5 Nf6 3. c4 c6 4. dxc6 Nxc6 5. Nf3 e5 6. d3 Bc5 7. Be2 e4 8.
dxe4 Qxd1+ 9. Bxd1 Nxe4 10. O-O O-O 11. Nc3 Nd6 12. Na4 Bb4 13. a3 Ba5 14.
b4 Bc7 15. Bf4 Be6 16. c5 Rad8 17. cxd6 Bxd6 18. Bxd6 Rxd6 19. Nc5 Bf5 20.
Bb3 b6 21. Na6 Bc8 22. Nc7 a6 23. Nd5 Be6 24. Rfd1 Rfd8 25. Rac1 Bxd5 26.
Bxd5 Ne7 27. Bb3 Rxd1+ 28. Rxd1 Rxd1+ 29. Bxd1 g6 30. Bb3 Kg7 31. Ne5 f6 32.
Nd7 b5 33. Nc5 Nc6 34. Nxa6 f5 35. Nc7 Kf6 36. Nxb5 Ke5 37. f3 Nd4 38. Nxd4
Kxd4 39. Bg8 Kc3 40. Bxh7 Kb3 41. b5 Kxa3 42. b6 {Black forfeits on time}
1-0